AoeStats
← R94

Arena

510225616Analyzed
1v1 RM · 3d ago on Sep 30, 2026· 46m 21s· 2 players
Game mode
Random Map
Map size
Tiny (2 player)
Population
200
Speed
Normal
Resources
Standard
Victory
Conquest
Starting age
Dark Age
Ending age
Imperial Age
RankedLock teamsTeams togetherTeam positionsShared explorationLock speedFull tech treeHidden civsTurbo modeCheats
Victory
Defeat
🇲🇽 Bulgarians · Mexico
795
+17
🇲🇽 Wu · Mexico
820
-41
R94
10:37 Feudal Age
11:59 Wheelbarrow
12:03 Double-Bit Axe
12:37 Horse Collar
13:22 Loom
20:50 Castle Age
20:03 Stone Mining
21:05 Forging
22:26 Hand Cart
23:51 Bow Saw
24:36 Gold Mining
27:13 Heavy Plow
30:11 Imperial Age
29:55 Fervor
30:22 Iron Casting
32:58 Scale Barding Armor
34:54 Conscription
34:57 Town Watch
34:59 Loom
39:09 Chain Barding Armor
39:52 Blast Furnace
39:37 Gold Shaft Mining
38:27 Elite Konnik
40:19 Chemistry
39:27 Siege Engineers
40:02 Stirrups
41:23 Plate Barding Armor
41:55 Scale Mail Armor
46:12 Chain Mail Armor
46:41 Stone Shaft Mining
aluv145
12:04 Feudal Age
13:50 Double-Bit Axe
17:37 Castle Age
17:06 Bloodlines
17:22 Stone Mining
18:48 Bow Saw
24:28 Gold Mining
24:29 Town Watch
26:49 Stone Shaft Mining
27:39 Crossbowman
28:23 Horse Collar
30:37 Town Watch
31:24 Forging
31:23 Elite Skirmisher
31:34 Light Cavalry
34:31 Red Cliffs Tactics
35:50 Heated Shot
35:56 Murder Holes
40:51 Imperial Age
39:28 Husbandry
40:44 Wheelbarrow
40:52 Ballistics
40:58 Onager
43:02 Pikeman
44:50 Pikeman
46:02 Conscription
45:57 Halberdier
Connection lost

Rejoining the realm…

Still unreachable

The connection could not be restored.

Session expired

The server has moved on; the page needs a fresh start.